 Dungeon Crawl Stone Soup version 0.29.1-12-g30fa7ad0bf (webtiles) character file.

Game seed: 11886966634082248749

821 javelincjr the Ducker (level 7, -7/67 HPs)
             Began as a Troll Fighter on Jan 10, 2023.
             Mangled by an orc warrior
             ... wielding a +0 glaive
              (18 damage)
             ... on level 5 of the Dungeon.
             The game lasted 00:11:10 (4103 turns).

javelincjr the Ducker (Troll Fighter)               Turns: 4103, Time: 00:11:10

Health: -7/67      AC:  4    Str: 25    XL:     7   Next: 63%
Magic:  15/15      EV:  9    Int:  4    God:
Gold:   276        SH:  0    Dex: 11    Spells: 6/6 levels left

rFire   + . .      SeeInvis +   n - +5 dagger of Flawed Execution {venom, rC+++ MP+9}
rCold   + + +      Faith    .   b - +0 kite shield
rNeg    . . .      Spirit   .   a - +0 robe
rPois   +          Reflect  .   (helmet restricted)
rElec   .          Harm     .   e - scarf {rC+ rF+}
rCorr   .          Rampage  .   (gloves unavailable)
Will    .....                   (boots unavailable)
Stlth   +.........              (no amulet)
HPRegen 1.01/turn               t - ring of poison resistance
MPRegen 0.14/turn               v - ring of see invisible

@: confused
A: large, unfitting armour, claws 3, regeneration 1, shaggy fur 1, tough skin 1
a: no special abilities


You were on level 5 of the Dungeon.
You visited 1 branch of the dungeon, and saw 6 of its levels.

You collected 276 gold pieces.

Inventory:

Hand Weapons
 n - the +5 dagger of Flawed Execution (weapon) {venom, rC+++ MP+9}
   (You found it on level 2 of the Dungeon)

   It poisons the flesh of those it strikes.
   rC:        It renders you almost immune to cold.
   MP:        It affects your magic capacity (+9).
Missiles
 h - 13 poisoned darts (quivered)
 j - 6 boomerangs
Armour
 a - a +0 robe (worn)
 b - a +0 kite shield (worn)
 e - a scarf of resistance (worn)
 G - a +2 helmet
Magical Staves
 w - a staff of poison
 B - a staff of conjuration
Jewellery
 t - a ring of poison resistance (left claw)
 v - a ring of see invisible (right claw)
 x - a ring of resist corrosion
 y - a ring of magical power
Wands
 u - a wand of mindburst (7)
Scrolls
 f - 2 scrolls of enchant armour {unknown}
 k - 2 scrolls of vulnerability {unknown}
 m - a scroll of summoning {unknown}
 o - a scroll of teleportation {unknown}
 r - 2 scrolls of fog {unknown}
 s - a scroll of noise {unknown}
 z - a scroll of amnesia {unknown}
 A - 2 scrolls of magic mapping {unknown}
 C - 2 scrolls of identify {unknown}
 D - 2 scrolls of fear {unknown}
 E - 3 scrolls of immolation {unknown}
Potions
 c - a potion of might
 d - a potion of resistance {unknown}
 g - 4 potions of mutation {unknown}
 i - 3 potions of curing {unknown}
 l - 4 potions of attraction {unknown}
 p - a potion of flight {unknown}
 q - a potion of degeneration {unknown}
 F - a potion of brilliance {unknown}


   Skills:
 + Level 3.5 Fighting
 + Level 3.1 Short Blades
 + Level 0.8 Throwing
 + Level 4.3 Dodging
 + Level 1.2 Stealth
 + Level 4.3 Shields
 + Level 3.1 Unarmed Combat


You had 6 spell levels left.
You didn't know any spells.
Your spell library contained the following spells:

 Spells                   Type           Power      Damage    Failure   Level
 Inner Flame              Hex/Fire       0%         N/A       98%         3
 Anguish                  Hex/Necr       0%         N/A       100%        4
 Cause Fear               Hex            0%         N/A       100%        4
 Enfeeble                 Hex            0%         N/A       100%        7
 Discord                  Hex            0%         N/A       100%        8


Dungeon Overview and Level Annotations

Branches:
Dungeon (6/15)
 Temple: D:4-7

Altars:
The Shining One


Innate Abilities, Weirdness & Mutations

You are too large for most types of armour.
You have claws for hands.
Your natural rate of healing is unusually fast.
You are covered in fur. (AC +1)
You have tough skin. (AC +1)


Message History

The orc warrior is lightly wounded.
The hound closely misses you. The hound barely misses you.
The orc warrior misses you.
You miss the hound. You block the hound's attack.
The orc warrior hits you with a +0 glaive!
You hit the hound.
The hound is poisoned.
The hound is lightly wounded.
You block the hound's attack.
A scorpion comes into view.
The hound closely misses you.
The orc warrior hits you with a +0 glaive!
The iguana bites you. The hound bites you.
The orc wizard points at you and mumbles some strange words.
You resist with some effort. The scorpion stings you.
The orc warrior barely misses you. The iguana misses you.
You climb upwards.
There is a stone staircase leading down here.
You hit the iguana.
The iguana is poisoned.
The iguana is lightly wounded.
The hound bites you but does no damage.
You closely miss the orc wizard. The hound bites you but does no damage.
The orc warrior hits you with a +0 glaive!
The iguana bites you!
* * * LOW HITPOINT WARNING * * *
The orc wizard casts a spell at you.
You are confused.
The hound bites you.
* * * LOW HITPOINT WARNING * * *
You barely miss the iguana.
The iguana is moderately wounded.
The orc warrior barely misses you.
The orc wizard casts a spell.
The orc wizard flickers and vanishes for a moment.
The iguana bites you.
* * * LOW HITPOINT WARNING * * *
The hound closely misses you.
You barely miss the orc wizard. The hound barely misses you.
The orc warrior hits you with a +0 glaive!!
You die...

#.###### #.# #......##
#.# ######.....####
#.########
###....>........#
#........#####
....####.....##.#
#.............
.#...)......###.#
#^..####.#####
#.#..)....### #.#
#...###...##
#.#.#####.#####o##
#...##.<...## #.#.#
#.##....@###...#.......#
#.#.#
#.##...hol.............##
#.#.#
#.##.....###...#.........
#...#
#.###.#........##..)...##
##..# #.#
#.######))####.....##
....# #.# #.# #..#
##.#..## .#.## #.# #.#
#..#####.#..## .#.# #.#
#.# #........#..## .#.###
#.# #.# #.#########.##


You could see an orc warrior (poisoned), an iguana (very poisoned), a hound
(poisoned) and an orc wizard (invisible).

Vanquished Creatures
  Grinder (D:3)
  An ice beast (D:5)
  A black bear (D:4)
  An ogre (D:5)
  2 phantoms (D:5)
  A jelly (D:4)
  3 iguanas
  5 adders
  3 worms
  2 dart slugs
  7 orcs
  4 ball pythons
  3 endoplasms
  A giant cockroach (D:3)
  5 hobgoblins
  2 jackals (D:1)
  8 kobolds
  4 quokkas
  7 bats
  5 frilled lizards
  7 goblins
  4 rats
77 creatures vanquished.

Notes
Turn   | Place    | Note
-------+----------+-------------------------------------------
     0 | D:1      | javelincjr the Troll Fighter began the quest for the Orb.
     0 | D:1      | Reached XP level 1. HP: 22/22 MP: 0/0
   143 | D:1      | Reached XP level 2. HP: 27/29 MP: 1/1
  1083 | D:2      | Reached XP level 3. HP: 24/36 MP: 2/2
  1108 | D:2      | Identified the +5 dagger of Flawed Execution {venom, rC+++
                  | MP+9}
  1924 | D:3      | Reached XP level 4. HP: 44/44 MP: 3/3
  2012 | D:3      | Found a faded altar of an unknown god.
  2132 | D:3      | Noticed Grinder
  2151 | D:3      | Killed Grinder
  2152 | D:3      | Reached skill level 1 in Short Blades
  2152 | D:3      | Reached XP level 5. HP: 17/53 MP: 4/4
  2152 | D:3      | Reached XP level 6. HP: 20/61 MP: 5/5
  3175 | D:4      | Found a glowing golden altar of the Shining One.
  3278 | D:5      | Entered Level 5 of the Dungeon
  3344 | D:5      | Noticed an ice beast
  3356 | D:5      | Killed an ice beast
  3357 | D:5      | Reached skill level 1 in Stealth
  3357 | D:5      | Reached XP level 7. HP: 59/67 MP: 6/6
  4103 | D:5      | Mangled by an orc warrior

Illustrated notes

Levels and vault maps discovered:
D:1:      dpeg_arrival_arbitrary_b, layout_loops_corners, minivault_25
D:2:      layout_loops_corners, kennysheep_generic_room_6
D:3:      layout_basic, ebering_ecumenical_altar_mist, minmay_stone_trees_large,
          uniq_grinder
D:4:      layout_cave_pools, general_overflow_altar
D:5:      layout_loops_ring
D:6:      layout_rooms, gammafunk_temple_overflow_forgotten

Skill      XL: |  1  2  3  4  5  6  7 |
---------------+----------------------+-----
Shields        | 3 4 |  4.3
Dodging        | 3 4 |  4.3
Fighting       | 3 |  3.5
Short Blades   | 1 2 3 |  3.1
Unarmed Combat | 3 |  3.1
Stealth        | 1 |  1.2
Throwing       | |  0.8

Action                   |  1- 3 |  4- 6 |  7- 9 || total
-------------------------+-------+-------+-------++-------
Melee: Unarmed           |    73 |       |       ||    73
       Dagger            |    29 |    87 |    64 ||   180
Throw: Dart              |       |     3 |       ||     3
 Stab: Sleeping          |       |     1 |       ||     1
Armor: Robe              |    30 |    19 |    16 ||    65
Dodge: Dodged            |    35 |    30 |    27 ||    92
Block: Kite shield       |    38 |    28 |    10 ||    76
